 Dungeon Crawl Stone Soup version 0.28.0-53-g5a82cb258f (console) character file.

Game seed: 963076645296220054

18 erker the Sneak (level 2, -4/17 HPs)
             Began as an Octopode Earth Elementalist on July 22, 2022.
             Slain by a hobgoblin
             ... wielding a +0 long sword
              (8 damage)
             ... on level 2 of the Dungeon.
             The game lasted 00:01:54 (1139 turns).

erker the Sneak (Octopode Earth Elementalist)       Turns: 1139, Time: 00:01:54

Health: -4/17      AC:  1    Str:  7    XL:     2   Next: 66%
Magic:  4/5        EV: 13    Int: 17    God:
Gold:   42         SH:  0    Dex: 12    Spells: 2/5 levels left

rFire   . . .      SeeInvis .   c - +0 dagger
rCold   . . .      Faith    .   (no shield)
rNeg    . . .      Spirit   .   (helmet restricted)
rPois   +          Reflect  .   (no amulet)
rElec   .          Harm     .   d - ring of poison resistance
rCorr   .          Rampage  .   (no ring)
Will    .....                   (no ring)
Stlth   +++.......              (no ring)
HPRegen 0.05/turn               (no ring)
MPRegen 0.09/turn               (no ring)
                                (no ring)
                                (no ring)

@: no status effects
A: almost no armour, amphibious, 8 rings, camouflage 1, gelatinous body 1,
(nimble swimmer 1), tentacles
a: no special abilities


You were on level 2 of the Dungeon.
You visited 1 branch of the dungeon, and saw 2 of its levels.

You collected 42 gold pieces.

Inventory:

Hand Weapons
 c - a +0 dagger (weapon)
Missiles
 b - 75 stones
Jewellery
 d - a ring of poison resistance (left tentacle)
Scrolls
 a - a scroll of enchant armour {unknown}
 e - 2 scrolls of identify {unknown}
 f - 3 scrolls of noise {unknown}
 h - a scroll of vulnerability {unknown}
 i - 2 scrolls of fear {unknown}
Potions
 g - a potion of degeneration {unknown}


   Skills:
 + Level 1.2 Short Blades
 - Level 2.0 Dodging
 + Level 3.6 Stealth
 - Level 2.0 Spellcasting
 - Level 1.0 Transmutations
 - Level 3.0 Earth Magic


You had 2 spell levels left.
You knew the following spells:

 Your Spells              Type           Power      Damage    Failure   Level
a - Sandblast             Erth           24%        2d8       5%          1
w - Passwall              Tmut/Erth      6%         N/A       13%         2

Your spell library contained the following spells:

 Spells                   Type           Power      Damage    Failure   Level
 Foxfire                  Conj/Fire      4%         2x1d4     19%         1
 Stone Arrow              Conj/Erth      12%        3d7       30%         3
 Conjure Flame            Conj/Fire      1%         6-21      50%         3
 Inner Flame              Hex/Fire       1%         N/A       50%         3
 Petrify                  Tmut/Erth      8%         N/A       63%         4
 Flame Wave               Conj/Fire      1%         2d4       88%         4


Dungeon Overview and Level Annotations

Branches:
Dungeon (2/15)

Altars:


Innate Abilities, Weirdness & Mutations

You cannot wear most types of armour.
You are amphibious.
You can wear up to eight rings at the same time.
Your skin changes colour to match your surroundings (Stealth+).
Your rubbery body absorbs attacks. (AC +1, EV +1)
((You are camouflaged when in or above water. (Stealth+)))
You have tentacles for arms and can constrict up to eight enemies at once.


Message History

You grab the giant cockroach. You squeeze the giant cockroach.
You kill the giant cockroach!
No target in view!
Found a leather armour.
You see here a +0 leather armour.
g - a golden potion
h - a scroll labelled EJEOFE RUKHAO
i - a scroll labelled EGOROUGUSSUU
i - 2 scrolls labelled EGOROUGUSSUU (gained 1)
You see here a +0 leather armour.
Done exploring.
Done exploring.
(D) Dungeon
Where to? (? - help)
You see here a +0 club.
There is a stone staircase leading down here.
You climb downwards.
Found 14 gold pieces and a book of Flames.
There is a stone staircase leading up here.
You now have 42 gold pieces (gained 14).
You pick up a book of Flames and begin reading...
You add the spells Foxfire, Conjure Flame, Inner Flame and Flame Wave to your library.
A kobold comes into view. It is wielding a +0 short sword.
A hobgoblin comes into view. It is wielding a +0 long sword.
The hobgoblin shouts!
The hobgoblin hits you with a +0 long sword!
Ouch! That really hurt!
* * * LOW HITPOINT WARNING * * *
You are too injured to fight recklessly!
You are too injured to fight recklessly!
You are too injured to fight recklessly!
Casting: Sandblast (safe; 5% risk of failure)
Confirm with . or Enter, or press ? or * to list all spells.
Aiming: Sandblast (safe; 5% risk of failure)
Press: ? - help, Shift-Dir - straight line, f - hobgoblin
Aim: a hobgoblin, wielding a +0 long sword (79% to hit)
The blast of sand misses the hobgoblin.
The kobold shouts!
The hobgoblin hits you with a +0 long sword!
You die...

### ###
#.#########.#
#...........#
#.######....# #.#
#.#### #####.####
#.# #........# #.#
#........# #.#
#....@...# #.#
#....g...# #.####
#........# #....#
#........# #....#
#........# #....#
#....K...###.#######
###########.........
#..................
#.########.........


You could see a hobgoblin and a kobold.

Vanquished Creatures
  A giant cockroach (D:1)
  2 goblins (D:1)
  A hobgoblin (D:1)
  4 jackals (D:1)
  A quokka (D:1)
  2 ball pythons (D:1)
  2 bats (D:1)
  A frilled lizard (D:1)
  A kobold (D:1)
  A rat (D:1)
16 creatures vanquished.

Notes
Turn   | Place    | Note
-------+----------+-------------------------------------------
     0 | D:1      | erker the Octopode Earth Elementalist began the quest for
                  | the Orb.
     0 | D:1      | Reached XP level 1. HP: 11/11 MP: 3/3
   452 | D:1      | Reached XP level 2. HP: 13/17 MP: 3/5
   457 | D:1      | Found a faded altar of an unknown god.
   572 | D:1      | Reached skill level 1 in Short Blades
   575 | D:1      | Learned a level 2 spell: Passwall
  1139 | D:2      | Slain by a hobgoblin

Illustrated notes

Levels and vault maps discovered:
D:1:      scummos_arrival_star, layout_loops_cross,
          shapermc_ecumenical_altar_hornbeckon, minivault_5
D:2:      layout_basic, grunt_decor_cap

Skill      XL: |  1  2 |
---------------+-------+-----
Stealth        | 3 |  3.6
Short Blades   | 1 |  1.2
Dodging        | |  2.0
Spellcasting   | |  2.0
Transmutations | |  1.0
Earth Magic    | |  3.0

Action                   || total
-------------------------++-------
Melee: Dagger            ||    19
       Unarmed           ||     6
       Constrict         ||     7
       Tentacles         ||     4
 Cast: Sandblast         ||     5
 Stab: Sleeping          ||     3
Armor: Skin              ||     1
Dodge: Dodged            ||    21
